 Dungeon Crawl Stone Soup version 0.32-a0-931-g5a2cda0630 (webtiles) character file.

Game seed: 11591242703835140883

121 tweeg707 the Magician (level 5, -1/35 HPs)
             Began as a Djinni Fire Elementalist on Apr 13, 2024.
             Slain by an orc priest
             ... wielding a +0 dagger
              (2 damage)
             ... on level 2 of the Dungeon.
             The game lasted 00:03:11 (2262 turns).

tweeg707 the Magician (Djinni Fire Elementalist)    Turns: 2262, Time: 00:03:12

Health: -1/35      AC:  2    Str:  7    XL:     5   Next: 26%
Gold:   90         EV: 11    Int: 19    God:
                   SH:  0    Dex: 13

rFire   + + .        (no weapon)
rCold   x . .        (no shield)
rNeg    . . .        a - +0 robe
rPois   ∞            (no helmet)
rElec   .            (no cloak)
rCorr   .            (no gloves)
SInv    .            (boots unavailable)
Will    .....        (no amulet)
Stlth   ++           (no ring)
HPRegen 0.25/turn    (no ring)

%: infuse magic (-2 HP)
@: flying
A: sickness immunity, fire resistance 2, cold vulnerability 1, float, innate
caster, HP casting, extra vitality 1
a: Convert to Beogh


You were on level 2 of the Dungeon.
You visited 1 branch of the dungeon, and saw 3 of its levels.

You collected 102 gold pieces.
You spent 12 gold pieces at shops.

Inventory:

Armour
 a - a +0 robe (worn)
Scrolls
 b - 2 scrolls of identify {unknown}
 e - a scroll of enchant weapon {unknown}
 g - a scroll of revelation {unknown}
 h - a scroll of brand weapon {unknown}
 i - a scroll of butterflies {unknown}
Potions
 c - a potion of brilliance {unknown}
 d - 2 potions of degeneration
 f - 2 potions of curing {unknown}


   Skills:
 + Level 3.0 Dodging
 + Level 3.0 Stealth
 + Level 3.9 Spellcasting
 + Level 3.9 Conjurations
 + Level 3.9 Hexes
 + Level 3.9 Summonings
 + Level 3.9 Necromancy
 + Level 3.9 Translocations
 + Level 3.9 Fire Magic
 + Level 3.9 Ice Magic
 + Level 3.9 Air Magic
 + Level 3.9 Earth Magic
 + Level 3.9 Alchemy


You knew the following spells:

 Your Spells              Type           Power      Damage    Failure   Level
a - Foxfire               Conj/Fire      72%        2x1d7     2%          1
b - Scorch                Fire           36%        2d6       4%          2
c - Volatile Blastmotes   Fire/Tloc      36%        2d13      9%          3
d - Inner Flame           Hex/Fire       18%        N/A       9%          3
e - Flame Wave            Conj/Fire      18%        2d7       26%         4
f - Sting                 Conj/Alch      72%        1d7       2%          1
g - Call Imp              Summ           36%        N/A       4%          2
Your spell library was empty.

Dungeon Overview and Level Annotations

Branches:
Dungeon (3/15)

Altars:

Shops:
D:1 !


Innate Abilities, Weirdness & Mutations

You are immune to sickness and miasma.
You are immune to poison.
Your flesh is very heat resistant. (rF++)
You are vulnerable to cold. (rC-)
You float through the air rather than walking.
You learn spells naturally, not from books.
Your magical power is your life essence.
You have superior vitality. (+4 MHP)


Message History

The orc priest hits you with a +0 dagger.
An orc comes into view. It is wielding a +0 club.
Casting: Foxfire (safe; 2% risk of failure)
Confirm with . or Enter, or press ? or * to list all spells.
Flames lash the orc.
The orc is almost dead.
The orc's fire resistance burns away.
The foxfire hits the orc.
The orc is burned terribly!
You kill the orc!
The foxfire hits the orc priest.
The orc priest is moderately wounded.
The orc priest invokes the aid of Beogh against you.
Beogh smites you!
Casting: Scorch (safe; 4% risk of failure)
Confirm with . or Enter, or press ? or * to list all spells.
Flames lash the orc priest.
The orc priest is heavily wounded.
The orc priest's fire resistance burns away.
The orc priest hits you with a +0 dagger.
* * * LOW HITPOINT WARNING * * *
The orc priest closely misses you.
You fly upwards.
There is a stone staircase leading down here.
Unknown command.
Casting: Scorch (safe; 4% risk of failure)
Confirm with . or Enter, or press ? or * to list all spells.
Flames lash the orc priest.
The orc priest is burned terribly!
The orc priest shouts, "Surrender to Beogh and we'll let you live!"
The orc priest is almost dead.
* * * LOW HITPOINT WARNING * * *
The orc priest shouts, "Surrender to Beogh and we'll let you live!"
The orc priest hits you with a +0 dagger.
* * * LOW HITPOINT WARNING * * *
You are too injured to fight recklessly!
Casting: Scorch (safe; 4% risk of failure)
Confirm with . or Enter, or press ? or * to list all spells.
You conjure some foxfire!
* * * LOW HITPOINT WARNING * * *
The orc priest hits you with a +0 dagger.
You die...

......#########.#######....#...#.
######..........#.......#..#>.##.
#...######..##..##.##.#####.
#...# ##........#....##.###
#...####...........#####.# #
#...##.............#####.#
#...##.##........#.......#
######...##.##..vv....###.....#
..........<.....@..)...##.....# #
................o.............# #
.........[...#......(.###.....# #
####.#...#..)##..##%.## #.....# #
#.#...#.##.##......# ####### #
#.#...#.##.##.##.#.# #
#.#...#.##.......#.##### #
#.#...#.#####.####.....# #
#.......#####.# #####.#


You could see an orc priest (combustible, ally target).

Vanquished Creatures
  5 adders
  3 ribbon worms (D:2)
  4 orcs (D:3)
  3 ball pythons
  7 endoplasms
  2 giant cockroaches (D:2)
  7 goblins
  6 hobgoblins
  7 kobolds
  3 quokkas
  5 bats
  5 frilled lizards
  4 rats
  A spectral hobgoblin (D:2)
62 creatures vanquished.

Vanquished Creatures (others)
  246 foxfires
246 creatures vanquished.

Grand Total: 308 creatures vanquished

Notes
Turn   | Place    | Note
-------+----------+-------------------------------------------
     0 | D:1      | tweeg707 the Djinni Fire Elementalist began the quest for
                  | the Orb.
     0 | D:1      | tweeg707 set off with the following spells memorised:
                  | Foxfire, Scorch, Volatile Blastmotes, Inner Flame, Flame
                  | Wave.
     0 | D:1      | Reached XP level 1. HP: 15/15 MP: 0/0
   263 | D:1      | Reached XP level 2. HP: 18/21 MP: 0/0
   427 | D:1      | Found Wiagh's Distillery.
   435 | D:1      | Bought a potion of degeneration for 12 gold pieces
   530 | D:1      | Reached XP level 3. HP: 24/25 MP: 0/0
   530 | D:1      | Learned a level 1 spell: Sting
  1223 | D:2      | Reached XP level 4. HP: 21/31 MP: 0/0
  1349 | D:2      | Found a faded altar of an unknown god.
  1824 | D:2      | Reached XP level 5. HP: 29/35 MP: 0/0
  1824 | D:2      | Learned a level 2 spell: Call Imp
  2262 | D:2      | Slain by an orc priest

Illustrated notes

Levels and vault maps discovered:
D:1:      roderic_dead_forest, layout_basic, serial_shops, shop
D:2:      layout_loops_cross, dreamdust_ecumenical_altar_drowned_temple,
          grunt_ministairs_6, st_stairs_5, kennysheep_generic_room_11
D:3:      layout_rooms, mainiacjoe_overflow_boulevard, grunt_decor_resistance,
          corexii_corridor_pit

Skill      XL: |  1  2  3  4  5 |
---------------+----------------+-----
Stealth        | 2 3 |  3.0
Dodging        | 3 |  3.0
Spellcasting   | |  3.9
Conjurations   | |  3.9
Hexes          | |  3.9
Summonings     | |  3.9
Necromancy     | |  3.9
Translocations | |  3.9
Fire Magic     | |  3.9
Ice Magic      | |  3.9
Air Magic      | |  3.9
Earth Magic    | |  3.9
Alchemy        | |  3.9

Action                     |  1- 3 |  4- 6 || total
---------------------------+-------+-------++-------
   Cast: Foxfire           |    91 |    66 ||   157
         Scorch            |     4 |    18 ||    22
 Armour: Robe              |     2 |     9 ||    11
  Dodge: Dodged            |     4 |    12 ||    16

Table legend: (Time is in decaauts)
 A = Elapsed time spent in this place.
 B = Non-inter-level travel time spent in this place.
 C = Inter-level travel time spent in this place.
 D = Time resting spent in this place.
 E = Time spent auto-exploring this place.
 F = Levels seen in this place.
 G = Mean time per level.
                   A        B        C        D        E       F      G
               +--------+--------+--------+--------+--------+-----+--------+
         Total |   2264 |   2218 |     46 |     94 |   1836 |   3 |  754.7 |
       Dungeon |   2264 |   2218 |     46 |     94 |   1836 |   3 |  754.7 |
               +--------+--------+--------+--------+--------+-----+--------+

Top non-repeatable levels by time:
     D:2: 1193 daAuts
     D:1: 1052 daAuts
     D:3: 18 daAuts
